 Dungeon Crawl Stone Soup version 0.27-a0-40-g5f2be0e231 (webtiles) character file.

Game seed: 12471355143078669338

7279 voltaire321 the Fighter (level 11, -2/69 HPs)
             Began as a Gargoyle Fighter on Jan 4, 2021.
             Was a Believer of Nemelex Xobeh.
             Slain by a minotaur
             ... wielding a +0 eveningstar
              (13 damage)
             ... in a Gauntlet on Jan 6, 2021.
             The game lasted 00:33:39 (11714 turns).

voltaire321 the Fighter (Gargoyle Fighter)         Turns: 11714, Time: 00:33:40

Health: -2/69      AC: 22    Str: 17    XL:     11   Next: 12%
Magic:  15/15      EV: 16    Int: 12    God:    Nemelex Xobeh [**....]
Gold:   761        SH: 11    Dex: 12    Spells: 10/10 levels left

rFire    . . .     SeeInvis .   J - +7 war axe of Valiance {flame, +Fly Int+2 Dex+3}
rCold    + . .     Faith    .   c - +0 kite shield
rNeg     + . .     Spirit   .   s - +0 acid dragon scales
rPois    ∞         Reflect  .   r - +0 helmet
rElec    +         Harm     .   u - +2 cloak
rCorr    +         Rampage  .   (no gloves)
Will     ++...     NoTele   +   d - +0 pair of boots
Stlth    ++........             L - amulet of the acrobat
HPRegen  0.21/turn              M - ring "Roux Taerr" {rC+ Will++ EV+4 Str-5 Stlth+}
MPRegen  0.14/turn              I - ring of wizardry

@: no status effects
A: negative energy resistance 1, electricity resistance, unbreathing,
petrification resistance, miasma immunity, AC +8
a: Renounce Religion, Evoke Flight, Draw Escape, Draw Destruction, Draw
Summoning


You were in a Gauntlet.
You worshipped Nemelex Xobeh.
Nemelex Xobeh was pleased with you.
You visited 3 branches of the dungeon, and saw 13 of its levels.
You also visited: Gauntlet.

You collected 761 gold pieces.

Inventory:

Hand Weapons
 a - a +1 flail
 J - the +7 war axe of Valiance (weapon) {flame, +Fly Int+2 Dex+3}
   (You took it off an orc priest on level 7 of the Dungeon)

   It has been specially enchanted to burn those struck by it, causing extra
   injury to most foes and up to half again as much damage against particularly
   susceptible opponents.
   Big, fiery blades are also staple armaments of hydra-hunters.
   It affects your intelligence (+2).
   It affects your dexterity (+3).
   It lets you fly.
Missiles
 t - 17 poisoned darts (quivered)
 B - 3 javelins
 H - 7 boomerangs
Armour
 c - a +0 kite shield (worn)
 d - a +0 pair of boots (worn)
 r - a +0 helmet (worn)
 s - +0 acid dragon scales (worn)
 u - a +2 cloak (worn)
Jewellery
 p - an uncursed ring of flight
 I - a ring of wizardry (right hand)
 L - an amulet of the acrobat (around neck)
 M - the ring "Roux Taerr" (left hand) {rC+ Will++ EV+4 Str-5 Stlth+}
   (You found it in a Gauntlet)

   [ring of evasion]

   It affects your evasion (+4).
   It affects your strength (-5).
   It protects you from cold.
   It affects your willpower, your defense against some magical effects.
   It makes you more stealthy.
Wands
 x - a wand of digging (3)
 G - a wand of disintegration (17)
Scrolls
 e - 4 scrolls of fog
 i - a scroll of identify
 j - 5 scrolls of fear
 k - 5 scrolls of teleportation
 l - 3 scrolls of remove curse
 q - a scroll of blinking
 v - a scroll of amnesia
 y - 2 scrolls of enchant armour
 A - 2 scrolls of magic mapping
 D - a scroll of holy word
 E - a scroll of silence {unknown}
Potions
 f - 7 potions of curing
 g - 2 potions of degeneration {unknown}
 h - a potion of attraction {unknown}
 m - a potion of mutation
 n - a potion of lignification
 w - a potion of might
 z - 3 potions of flight
 C - a potion of haste
 F - 2 potions of berserk rage {unknown}


   Skills:
 + Level 8.8 Fighting
 + Level 7.6 Maces & Flails
 + Level 8.8 Armour
 - Level 5.0 Dodging
 + Level 8.7 Shields
 + Level 5.5 Invocations


You had 10 spell levels left.
You didn't know any spells.
Your spell library contained the following spells:

 Spells                   Type           Power        Failure   Level
 Summon Small Mammal      Summ           0%           34%         1
 Call Imp                 Summ           0%           47%         2
 Call Canine Familiar     Summ           0%           71%         3
 Summon Guardian Golem    Hex/Summ       0%           71%         3
 Sticky Flame             Conj/Fire      0%           97%         4
 Summon Ice Beast         Ice/Summ       0%           97%         4
 Summon Lightning Spire   Summ/Air       0%           97%         4
 Fireball                 Conj/Fire      0%           100%        5
 Irradiate                Conj/Tmut      0%           100%        5
 Summon Demon             Summ           0%           100%        5
 Hydra Form               Tmut           0%           100%        6
 Iron Shot                Conj/Erth      0%           100%        6
 Dragon Form              Tmut           0%           100%        7
 Statue Form              Tmut/Erth      Unusable     N/A         6

Dungeon Overview and Level Annotations

Branches:
Dungeon (11/15)            Temple (1/1) D:7            Lair (1/6) D:9
Gauntlet (1/1)
    Orc: D:9-12

Altars:
Ashenzari
Cheibriados
Dithmenos
Elyvilon
Fedhas
Gozag
Hepliaklqana
Kikubaaqudgha
Makhleb
Nemelex Xobeh
Okawaru
Qazlal
Ru
Sif Muna
Trog
Uskayaw
Vehumet
Wu Jian
Xom
Yredelemnul
Zin
The Shining One

Annotations:
D:11 3 runed translucent doors, teolandon225's ghost, novice SpEn Gauntlet 6 transporters, exclusion: oklob plant


Innate Abilities, Weirdness & Mutations

You are resistant to torment.
Your stone body is resilient. (AC +8)
You are immune to poison.
You resist negative energy. (rN+)
You are resistant to electric shocks. (rElec)
You can survive without breathing.
You are immune to petrification.
You are immune to miasma.


Message History

You block the minotaur's attack.
Your wyvern bites the minotaur but does no damage. x2
Okay, then.
As you read the scroll of fog, it crumbles to dust.
The scroll dissolves into smoke.
Your wyvern bites the minotaur but does no damage.
Your wyvern barely misses the minotaur.
The minotaur furiously retaliates!
The minotaur headbutts your wyvern.
The minotaur hits your wyvern with a +0 eveningstar!
The minotaur gores your wyvern!
Your wyvern dies!
Your wyvern's corpse disappears in a puff of smoke!
The minotaur bellows!
You hit the minotaur but do no damage.
The minotaur is severely wounded.
Your wyvern bites the minotaur but does no damage.
Your wyvern bites the minotaur!
The minotaur hits you with a +0 eveningstar!
You die...
Your body glows slightly and disappears.

######### #≈#≈#≈#≈#
.......§## ........§#
######.§## .....#.§§#
.###.#.§######
##.^.#..≈##..########
.©..©#..###...§§@§§.#
##.^.#..≈##..###H##.#
.###)#..###....§l§..
.....#..#....#.#.....
######..#©[..#.#.#####
......∩.#....# ..#
........#....# #.'
######..#©...# ..#
b#..b#..#....# #


You could see a minotaur and a friendly wyvern (summoned).

Vanquished Creatures
  A two-headed ogre (D:10)
  An unseen horror (D:11)
  A troll (D:10)
  Grinder (D:6)
  A raiju (Gauntlet)
  A wraith (D:10)
  2 wyverns (D:8)
  A basilisk (D:8)
  5 yaks (D:8)
  2 acid dragons (Gauntlet)
  7 water moccasins
  A black bear (D:10)
  2 ice beasts
  An orc warrior (D:8)
  5 sky beasts
  3 ogres
  3 centaurs
  A big kobold (D:7)
  2 bullfrogs
  3 scorpions
  A killer bee (D:6)
  2 howler monkeys (D:10)
  A centaur zombie (D:7)
  A bullfrog zombie (D:5)
  3 jellies
  5 bullfrog skeletons
  5 orc priests
  5 hounds
  10 orc wizards
  Jessica (D:3)
  3 iguanas
  Natasha (thrice) (D:4)
  8 worker ants
  A lightning spire (Gauntlet)
  2 hound zombies
  7 adders
  5 shadow imps
  A white imp (D:9)
  An ufetubus (D:6)
  2 oozes
  2 adder zombies
  An adder skeleton (D:5)
  3 worms
  6 leopard geckos
  24 orcs
  13 bats
  6 giant cockroaches
  10 goblins
  3 hobgoblins
  12 jackals
  7 quokkas
  3 ball pythons
  A ball python skeleton (D:4)
  5 frilled lizards
  A jackal skeleton (D:6)
  18 kobolds
  13 rats
239 creatures vanquished.

Vanquished Creatures (others)
  4 fungi (D:9)
  7 plants
11 creatures vanquished.

Grand Total: 250 creatures vanquished

Notes
Turn   | Place    | Note
-------+----------+-------------------------------------------
     0 | D:1      | voltaire321 the Gargoyle Fighter began the quest for the
                  | Orb.
     0 | D:1      | Reached XP level 1. HP: 14/14 MP: 1/1
   154 | D:1      | Reached XP level 2. HP: 17/19 MP: 2/2
   899 | D:1      | Reached XP level 3. HP: 23/23 MP: 3/3
  1214 | D:2      | Found a shimmering blue altar of Sif Muna.
  1233 | D:2      | Reached skill level 1 in Dodging
  2052 | D:3      | Reached XP level 4. HP: 29/29 MP: 4/4
  2498 | D:3      | Found an opulent altar of Gozag.
  2498 | D:3      | Found a white marble altar of Elyvilon.
  2861 | D:3      | Noticed Jessica
  2884 | D:3      | Killed Jessica
  2885 | D:3      | Reached XP level 5. HP: 28/33 MP: 5/5
  2928 | D:3      | Found a shimmering blue altar of Sif Muna.
  3117 | D:4      | Noticed Natasha
  3125 | D:4      | Killed Natasha
  3126 | D:4      | Reached XP level 6. HP: 36/39 MP: 6/6
  3380 | D:4      | Found a basalt altar of Yredelemnul.
  3380 | D:4      | Found a broken altar of Ashenzari.
  3553 | D:4      | Noticed Natasha
  3560 | D:4      | Killed Natasha
  3592 | D:4      | Reached XP level 7. HP: 41/44 MP: 7/7
  3637 | D:4      | Noticed Natasha
  3649 | D:4      | Killed Natasha
  3974 | D:5      | Entered Level 5 of the Dungeon
  4038 | D:5      | Reached skill level 5 in Fighting
  4045 | D:5      | Reached skill level 5 in Armour
  4045 | D:5      | Reached skill level 5 in Shields
  4517 | D:5      | Reached XP level 8. HP: 36/50 MP: 8/8
  5105 | D:6      | Noticed Grinder
  5114 | D:6      | Paralysed by Grinder for 3 turns
  5118 | D:6      | Killed Grinder
  5254 | D:6      | Reached skill level 5 in Maces & Flails
  6017 | D:6      | Reached XP level 9. HP: 44/55 MP: 9/9
  6076 | D:6      | Found a hide-covered altar of Uskayaw.
  6082 | D:6      | Found a hazy altar of Hepliaklqana.
  6089 | D:6      | Found a shadowy altar of Dithmenos.
  6291 | D:6      | Noticed a moth of wrath
  6294 | D:6      | Found a bloodstained altar of Trog.
  6695 | D:7      | Found a staircase to the Ecumenical Temple.
  6717 | Temple   | Entered the Ecumenical Temple
  6790 | Temple   | Became a worshipper of Nemelex Xobeh the Trickster
  7101 | Temple   | Upgraded the game from 0.27-a0-34-gc18c9092ac to
                  | 0.27-a0-40-g5f2be0e231
  7469 | D:7      | Found a shimmering altar of Xom.
  7561 | D:7      | Reached skill level 1 in Invocations
  8193 | D:8      | Reached * piety under Nemelex Xobeh
  8296 | D:8      | Identified the +7 war axe of Valiance {flame, +Fly Int+2
                  | Dex+3}
  8975 | D:9      | Reached XP level 10. HP: 57/63 MP: 10/12
  8990 | D:8      | Reached skill level 5 in Dodging
  9307 | D:9      | Found a staircase to the Lair.
  9320 | D:9      | Received a gift from Nemelex Xobeh
  9691 | D:10     | Entered Level 10 of the Dungeon
  9843 | D:10     | Noticed a two-headed ogre
  9852 | D:10     | Killed a two-headed ogre
 10445 | D:10     | Reached ** piety under Nemelex Xobeh
 10445 | D:10     | Received a gift from Nemelex Xobeh
 10485 | D:10     | Reached skill level 5 in Invocations
 10620 | D:10     | Identified the Handbook of Lethal Companions
 10905 | D:11     | Found a runed translucent gate.
 10906 | D:11     | Found a runed translucent gate.
 10907 | D:11     | Found a runed translucent gate.
 10907 | D:11     | Noticed an ettin
 10908 | D:11     | Noticed a centaur warrior
 10908 | D:11     | Noticed teolandon225's ghost (novice SpEn)
 10944 | D:11     | Killed an unseen horror
 10945 | D:11     | Reached XP level 11. HP: 59/69 MP: 14/14
 10977 | Lair:1   | Entered Level 1 of the Lair of Beasts
 11042 | Lair:1   | Found a gate leading to a gauntlet.
 11050 | Gauntlet | Entered a Gauntlet
 11050 | Gauntlet | Found a transporter.
 11050 | Gauntlet | Found a transporter.
 11051 | Gauntlet | Found a transporter.
 11052 | Gauntlet | Found a transporter.
 11053 | Gauntlet | Found a transporter.
 11075 | Gauntlet | Noticed an oklob plant
 11078 | Gauntlet | Found a transporter.
 11080 | Gauntlet | Noticed a death scarab
 11089 | Gauntlet | Found a transporter.
 11089 | Gauntlet | Found a transporter.
 11097 | Gauntlet | Found a transporter.
 11127 | Gauntlet | Found a transporter.
 11135 | Gauntlet | Noticed a fire crab
 11138 | Gauntlet | Found a transporter.
 11197 | Gauntlet | Found a transporter.
 11546 | Gauntlet | Got a sparkling lead ring
 11579 | Gauntlet | Got a coiled glass ring
 11665 | Gauntlet | Identified the ring of Egomania {Ice rPois} (You found it
                  | in a Gauntlet)
 11667 | Gauntlet | Identified the ring "Roux Taerr" {rC+ Will++ EV+4 Str-5
                  | Stlth+} (You found it in a Gauntlet)
 11677 | Gauntlet | Identified the ring "Gayceito" {+Fly rF+++ rN+ Str+2 Int+4}
 11677 | Gauntlet | Noticed a minotaur
 11714 | Gauntlet | Slain by a minotaur

Illustrated notes

Levels and vault maps discovered:
D:1:      minmay_arrival_diagonal_passages, layout_basic, serial_forest,
          infiniplex_forest_lined_corner, infiniplex_forest_end_1,
          infiniplex_forest_zigzag_1, infiniplex_forest_straight_5,
          infiniplex_forest_straight_4, infiniplex_forest_clump_C
D:2:      cheibrodos_helix_gallery, layout_loops_corners,
          nicolae_overflow_crystal_walls, chequers_garden,
          mrwooster_statue_mirror, glass_columns_a, dk_noncrumbling_3
D:3:      layout_loops_ring, chequers_temple_overflow_statue_of_worship, tgw_sif
D:4:      layout_gridville, gammafunk_temple_overflow_elements,
          saegor_snake_ambush, uniq_natasha
D:5:      layout_cave_pools, kennysheep_small_spiral, kennysheep_generic_room_13
D:6:      layout_rooms, gammafunk_temple_overflow_forgotten, tgw_trog,
          minmay_starry_boxes, uniq_grinder
D:7:      layout_basic, old_standard_altar, minmay_temple_entry_wispy
D:8:      layout_cave_pods
D:9:      layout_rooms, minmay_lair_entry_grove
D:10:     layout_basic
D:11:     layout_basic, gammafunk_ghost_split, minmay_misc_feat_room,
          chequers_serial_rivers_micro_e, minmay_misc_feat_five,
          minmay_misc_feat_doors
Temple:   minmay_temple_forest_path
Lair:1:   layout_gridlike, gammafunk_ghost_cemetery, gauntlet_entry_generic,
          fungi_pond_lemuel, guppyfry_lair_drakes, lemuel_fruit_fields,
          grunt_megastairs_3, minmay_lair_oklob_chamber,
          infiniplex_staircase_pool_2
Gauntlet: minmay_gauntlet_mixed_big_or_small [nicolae_gauntlet_arena_grate_2,
          minmay_gauntlet_arena_77_p_blocks, gammafunk_gauntlet_arena_spirals,
          minmay_gauntlet_arena_77_double_cross,
          gammafunk_gauntlet_arena_chambers, minmay_gauntlet_arena_77_mirror,
          nicolae_gauntlet_exit_dead_adventurers]

Skill      XL: |  1  2  3  4  5  6  7  8  9 10 |
---------------+-------------------------------+-----
Dodging        | 1 2 3 4 5 |  5.0
Fighting       | 4 5 6 7 8 |  8.8
Armour         | 4 5 6 7 8 |  8.8
Shields        | 4 5 6 7 8 |  8.7
Maces & Flails | 3 4 5 6 7 |  7.6
Invocations    | 2 5 |  5.5

Action                   |  1- 3 |  4- 6 |  7- 9 | 10-12 || total
-------------------------+-------+-------+-------+-------++-------
Melee: Flail             |   222 |   205 |   559 |       ||   986
       War axe           |       |       |    20 |   147 ||   167
Invok: Draw Destruction  |       |       |       |     1 ||     1
       Draw Summoning    |       |       |       |     1 ||     1
  Use: Scroll            |       |    11 |     4 |    10 ||    25
       Potion            |       |       |     1 |     2 ||     3
Armor: Scale mail        |   125 |   122 |   351 |    80 ||   678
       Acid dragon scale |       |       |       |     7 ||     7
Dodge: Dodged            |    68 |    66 |   284 |    82 ||   500
Block: Kite shield       |   145 |   106 |   408 |   122 ||   781

Table legend: (Time is in decaauts)
 A = Elapsed time spent in this place.
 B = Non-inter-level travel time spent in this place.
 C = Inter-level travel time spent in this place.
 D = Time resting spent in this place.
 E = Time spent auto-exploring this place.
 F = Levels seen in this place.
 G = Mean time per level.
                   A        B        C        D        E       F      G
               +--------+--------+--------+--------+--------+-----+--------+
         Total |  12124 |  12022 |    102 |   2042 |   6387 |  14 |  866.0 |
       Dungeon |  10962 |  10881 |     81 |   1716 |   6032 |  11 |  996.5 |
        Temple |    412 |    391 |     21 |      0 |    355 |   1 |  412.0 |
          Lair |     76 |     76 |      0 |      0 |      0 |   1 |   76.0 |
      Gauntlet |    672 |    672 |      0 |    326 |      0 |   1 |  672.0 |
               +--------+--------+--------+--------+--------+-----+--------+

Top non-repeatable levels by time:
     D:8: 1423 daAuts
     D:6: 1264 daAuts
     D:5: 1245 daAuts
     D:2: 1129 daAuts
     D:4: 1089 daAuts
     D:7: 1079 daAuts
     D:1: 1046 daAuts
    D:10: 996 daAuts
     D:3: 945 daAuts
Gauntlet: 672 daAuts
     D:9: 665 daAuts
  Temple: 412 daAuts
    D:11: 77 daAuts
  Lair:1: 76 daAuts
